 Dungeon Crawl Stone Soup version 0.30-a0-223-gcb0039aa0c (webtiles) character file.

Game seed: 18111579744576758201

1071 qw the Chopper (level 8, -1/51 HPs)
             Began as a Gargoyle Fighter on Oct 9, 2022.
             Slain by an orc
             ... wielding a +0 trident
              (2 damage)
             ... on level 5 of the Dungeon.
             The game lasted 00:01:31 (4144 turns).

qw the Chopper (Gargoyle Fighter)                   Turns: 4144, Time: 00:01:31

Health: -1/51      AC: 17    Str: 21    XL:     8   Next: 28%
Magic:  8/8        EV:  7    Int: 10    God:
Gold:   318        SH:  4    Dex:  9    Spells: 7/7 levels left

rFire   . . .      SeeInvis .    Y - +0 broad axe
rCold   . . .      Faith    .    c - +0 buckler
rNeg    + + .      Spirit   .    l - +0 chain mail
rPois   inf        Reflect  .    i - +0 helmet
rElec   +          Harm     .    (no cloak)
rCorr   .          Rampage  .    (no gloves)
Will    .....                    q - +0 pair of boots
Stlth   ..........               o - amulet of the acrobat
HPRegen 0.28/turn                k - ring of positive energy
MPRegen 0.11/turn                (no ring)

@: no status effects
A: sickness immunity, AC +5, negative energy resistance 1, electricity
resistance, torment resistance 1, petrification resistance
a: no special abilities


You were on level 5 of the Dungeon.
You visited 1 branch of the dungeon, and saw 5 of its levels.

You collected 318 gold pieces.


Innate Abilities, Weirdness & Mutations

You are immune to sickness and miasma.
Your stone body is resilient. (AC +5)
You are immune to poison.
You resist negative energy. (rN+)
You are resistant to electric shocks. (rElec)
You are resistant to unholy torment.
You are immune to petrification.


   Skills:
 - Level 5.9 Fighting
 - Level 7.1 Axes
 - Level 2.2 Throwing
 + Level 3.2 Armour
 - Level 1.3 Dodging
 - Level 3.2 Shields


You had 7 spell levels left.
You didn't know any spells.
Your spell library was empty.

Inventory:

Hand Weapons
 g - a +0 morningstar
 Y - a +0 broad axe (weapon)
Missiles
 j - a boomerang (quivered)
Armour
 c - a +0 buckler (worn)
 i - a +0 helmet (worn)
 l - a +0 chain mail (worn)
 q - a +0 pair of boots (worn)
Jewellery
 b - a +6 ring of dexterity
 k - a ring of positive energy (left hand)
 o - an amulet of the acrobat (around neck)
Scrolls
 a - a scroll of identify
Potions
 d - a potion of might
 e - a potion of haste
 f - a potion of berserk rage {unknown}
 h - a potion of curing
 m - a potion of lignification

Dungeon Overview and Level Annotations

Branches:
Dungeon (5/15)
 Temple: D:4-7

Altars:
Cheibriados
Zin

Shops:
D:2 :

Annotations:
D:1 1 runed translucent door


Message History

You hit the yak. The orc hits you but does no damage.
The yak gores you but does no damage. The yak closely misses you.
The yak gores you but does no damage. You block the yak's attack. x2
You barely miss the yak.
The yak is almost dead.
You closely miss the yak. You hit the yak. You hit the yak but do no damage. x2
You block the orc's attack. The yak gores you. The yak barely misses you. x3
The yak completely misses you. The orc hits you but does no damage.
The yak gores you but does no damage. The yak completely misses you.
The yak gores you but does no damage. x2; The yak barely misses you.
You slash the yak!
You kill the yak!
You barely miss the yak. x2; You hit the yak but do no damage.
You hit the yak. The orc barely misses you. The yak gores you!
The yak gores you but does no damage. You block the yak's attack.
The yak closely misses you.
Your Fighting skill increases to level 5!
You have reached level 8!
You feel clever.
You closely miss the yak.
The yak is severely wounded.
You hit the yak. You barely miss the yak. You hit the yak.
The orc closely misses you. The yak gores you but does no damage.
The yak barely misses you. The yak gores you but does no damage.
The yak gores you.
You slash the yak!
You kill the yak!
You barely miss the yak. You hit the yak. x2
The orc hits you but does no damage. The yak gores you.
The yak barely misses you.
Your Throwing skill gained 2 levels and is now at level 2!
You slash the yak!
The yak is almost dead.
You barely miss the yak. You barely miss the scorpion.
You closely miss the yak. You block the orc's attack.
The yak gores you. x2; The scorpion stings you.
You hit the yak but do no damage.
The yak is almost dead.
You slash the scorpion! You slash the yak! You hit the yak but do no damage.
The orc hits you from afar with a +0 trident.
You die...

###.###.##++
#.......#
#.#.##..#### #
#..........) #.
#.####...### #..
#.# #.#####
##...########.#
#.##.<.
._....sY....#.#
#.##...
.....YY@......#
#......
.....o.Y....#.##
####..>
.......#####...####
#... .#...#.
#.#....# ####
....... #.).##.#
.....#. ######.#
.....#. #.# # ....
.. #######.######
#.............


You could see 4 yaks, a scorpion and an orc.

Vanquished Creatures
  2 yaks (D:5)
  3 ogres
  Blork the orc (D:4)
  2 scorpions (D:4)
  A hound (D:4)
  A gnoll bouda (D:4)
  Jessica (D:2)
  Ijyb (D:5)
  Robin (D:3)
  7 gnolls
  7 adders
  3 worms
  2 dart slugs (D:4)
  5 orcs (D:3)
  5 ball pythons
  7 endoplasms
  A giant cockroach (D:1)
  11 goblins
  10 hobgoblins
  8 jackals
  2 quokkas (D:1)
  A bat (D:3)
  5 frilled lizards
  5 kobolds
  6 rats
98 creatures vanquished.

Vanquished Creatures (others)
  4 fungi (D:5)
  2 plants (D:2)
6 creatures vanquished.

Grand Total: 104 creatures vanquished

Notes
Turn   | Place    | Note
-------+----------+-------------------------------------------
     0 | D:1      | qw the Gargoyle Fighter began the quest for the Orb.
     0 | D:1      | Reached XP level 1. HP: 14/14 MP: 1/1
     0 | D:1      | 0 ||| qw: Version: 0.2-a-17-g06abaee
     0 | D:1      | 0 ||| qw: Game counter: 2153
     0 | D:1      | 0 ||| qw: Always use a shield: true
     0 | D:1      | 0 ||| qw: God list: Okawaru
     0 | D:1      | 0 ||| qw: Allow faded altars: false
     0 | D:1      | 0 ||| qw: Do Orc after D:15 true
     0 | D:1      | 0 ||| qw: Do second Lair branch before Depths: true
     0 | D:1      | 0 ||| qw: Lair rune preference: random
     0 | D:1      | 0 ||| qw: Plans: Normal, Zot:1-4, God:TSO, Crypt, Tomb,
                  | Pan, Slime:5, Hells, Abyss, Orb
     0 | D:1      | 0 ||| PLANNING D:1-11
     1 | D:1      | Found a runed translucent door.
    62 | D:1      | Reached skill level 2 in Axes
   100 | D:1      | Reached XP level 2. HP: 19/19 MP: 2/2
   123 | D:1      | 123 ||| Stepping ~*~*~tactically~*~*~ (stealth).
   300 | D:1      | Reached skill level 3 in Axes
   455 | D:1      | Reached XP level 3. HP: 18/23 MP: 3/3
   719 | D:1      | 719 ||| READING scroll labelled QASTUO AQIHUIJ.
   720 | D:1      | 720 ||| READING scroll labelled NEMMOFEIGH.
   721 | D:1      | 721 ||| READING scroll labelled WEG WESOHU.
   775 | D:2      | 775 ||| DROPPING +0 club.
   870 | D:2      | Found Cagg's Vocational Training.
   876 | D:2      | 876 ||| DROPPING +0 whip.
  1018 | D:2      | 1018 ||| Stepping ~*~*~tactically~*~*~ (stealth).
  1063 | D:2      | Noticed Jessica
  1064 | D:2      | 1064 ||| Stepping ~*~*~tactically~*~*~ (hiding).
  1066 | D:2      | 1066 ||| Stepping ~*~*~tactically~*~*~ (hiding).
  1067 | D:2      | 1067 ||| Stepping ~*~*~tactically~*~*~ (hiding).
  1071 | D:2      | 1071 ||| Stepping ~*~*~tactically~*~*~ (hiding).
  1072 | D:2      | 1072 ||| Stepping ~*~*~tactically~*~*~ (hiding).
  1074 | D:2      | 1074 ||| Stepping ~*~*~tactically~*~*~ (hiding).
  1075 | D:2      | 1075 ||| Stepping ~*~*~tactically~*~*~ (hiding).
  1090 | D:2      | Killed Jessica
  1091 | D:2      | Reached XP level 4. HP: 10/28 MP: 4/4
  1378 | D:2      | Reached skill level 4 in Axes
  1457 | D:2      | 1457 ||| DROPPING orb of guile.
  1458 | D:2      | 1458 ||| READING scroll labelled QEFRUNN RYKOSA.
  1659 | D:3      | 1659 ||| Stepping ~*~*~tactically~*~*~ (stealth).
  1660 | D:3      | 1660 ||| Stepping ~*~*~tactically~*~*~ (stealth).
  1699 | D:3      | 1699 ||| Stepping ~*~*~tactically~*~*~ (stealth).
  1721 | D:3      | 1721 ||| Stepping ~*~*~tactically~*~*~ (stealth).
  1751 | D:3      | Noticed Robin
  1752 | D:3      | 1752 ||| Stepping ~*~*~tactically~*~*~ (stealth).
  1759 | D:3      | 1759 ||| Stepping ~*~*~tactically~*~*~ (stealth).
  1784 | D:3      | 1784 ||| Stepping ~*~*~tactically~*~*~ (stealth).
  1787 | D:3      | 1787 ||| Stepping ~*~*~tactically~*~*~ (stealth).
  1789 | D:3      | 1789 ||| Stepping ~*~*~tactically~*~*~ (hiding).
  1791 | D:3      | 1791 ||| Stepping ~*~*~tactically~*~*~ (hiding).
  1800 | D:3      | Killed Robin
  1801 | D:3      | Reached XP level 5. HP: 24/32 MP: 5/5
  1887 | D:3      | 1887 ||| Stepping ~*~*~tactically~*~*~ (stealth).
  1894 | D:3      | 1894 ||| Stepping ~*~*~tactically~*~*~ (stealth).
  1913 | D:3      | 1913 ||| Stepping ~*~*~tactically~*~*~ (stealth).
  1914 | D:3      | 1914 ||| Stepping ~*~*~tactically~*~*~ (stealth).
  1994 | D:3      | 1994 ||| Stepping ~*~*~tactically~*~*~ (stealth).
  2358 | D:3      | 2358 ||| Stepping ~*~*~tactically~*~*~ (stealth).
  2360 | D:3      | 2360 ||| Stepping ~*~*~tactically~*~*~ (stealth).
  2478 | D:3      | 2478 ||| UPGRADING to +0 helmet.
  2483 | D:3      | 2483 ||| UPGRADING to ring of positive energy.
  2484 | D:3      | 2484 ||| READING 2 scrolls labelled OPIYCS UPPO.
  2485 | D:3      | 2485 ||| READING 3 scrolls labelled QUPSAH NAOZYI.
  2486 | D:3      | 2486 ||| READING 2 scrolls of enchant weapon.
  2486 | D:3      | 2486 ||| ENCHANTING +1 war axe.
  2487 | D:3      | 2487 ||| READING scroll of enchant weapon.
  2487 | D:3      | 2487 ||| ENCHANTING +2 war axe.
  2488 | D:3      | 2488 ||| READING scroll labelled CAESUS NOBIN.
  2489 | D:3      | 2489 ||| DRINKING 2 viscous golden potions.
  2490 | D:3      | 2490 ||| DRINKING 2 smoky emerald potions.
  2562 | D:4      | Found a snail-covered altar of Cheibriados.
  2665 | D:4      | Reached skill level 5 in Axes
  2700 | D:4      | Reached XP level 6. HP: 25/39 MP: 6/6
  2705 | D:4      | 2705 ||| FLEEEEING.
  2789 | D:4      | 2789 ||| Stepping ~*~*~tactically~*~*~ (hiding).
  2944 | D:4      | 2944 ||| Stepping ~*~*~tactically~*~*~ (stealth).
  3042 | D:4      | Reached skill level 1 in Dodging
  3234 | D:4      | 3234 ||| SWAPPING to +0 broad axe.
  3235 | D:4      | 3235 ||| DROPPING +3 war axe.
  3343 | D:4      | Noticed Blork the orc
  3350 | D:4      | Killed Blork the orc
  3574 | D:4      | Reached XP level 7. HP: 44/44 MP: 7/7
  3658 | D:4      | Reached skill level 6 in Axes
  3731 | D:4      | 3731 ||| UPGRADING to +0 chain mail.
  3741 | D:4      | 3741 ||| DROPPING +0 scale mail.
  3742 | D:4      | 3742 ||| UPGRADING to +0 pair of boots.
  3747 | D:4      | 3747 ||| UPGRADING to amulet of the acrobat.
  3752 | D:4      | 3752 ||| READING scroll labelled ZINNAD BIHOMP.
  3753 | D:4      | 3753 ||| DRINKING 3 grey potions.
  3754 | D:4      | 3754 ||| READING 2 scrolls of identify.
  3754 | D:4      | 3754 ||| IDENTIFYING bubbling clear potion
  3755 | D:4      | 3755 ||| DROPPING potion of magic.
  3756 | D:4      | 3756 ||| DROPPING 2 potions of brilliance.
  3758 | D:5      | Entered Level 5 of the Dungeon
  3759 | D:5      | 3759 ||| PLANNING SEWER
  4001 | D:5      | Reached skill level 7 in Axes
  4121 | D:5      | Noticed Ijyb
  4123 | D:5      | Killed Ijyb
  4128 | D:5      | Noticed a yak
  4128 | D:5      | Noticed a yak
  4128 | D:5      | Noticed a yak
  4128 | D:5      | Noticed a yak
  4129 | D:5      | 4129 ||| Stepping ~*~*~tactically~*~*~ (stealth).
  4129 | D:5      | Noticed a yak
  4129 | D:5      | Noticed a yak
  4130 | D:5      | Found a glowing silver altar of Zin.
  4139 | D:5      | HP: 11/44 [yak (5)]
  4140 | D:5      | Killed a yak
  4140 | D:5      | HP: 5/44 [yak (7)]
  4141 | D:5      | Reached XP level 8. HP: 6/51 MP: 8/8
  4142 | D:5      | Killed a yak
  4143 | D:5      | HP: 1/51 [scorpion (2)]
  4144 | D:5      | Slain by an orc

Levels and vault maps discovered:
D:1:      dpeg_arrival_caged_fury, layout_loops_ring
D:2:      layout_basic, serial_bayou_pond_d, nicolae_shop_vocational,
          uniq_jessica
D:3:      layout_loops_corners, minmay_misc_feat_doors, uniq_robin
D:4:      layout_basic, kennysheep_slug_shrine, kennysheep_generic_room_14,
          uniq_blork_the_orc
D:5:      layout_loops_cross, overflow_temple_1_default, serial_aquarium,
          aquarium_bridge_straight [aquarium_subvault_bridge,
          aquarium_subvault_window, aquarium_subvault_bridge,
          aquarium_subvault_balcony], aquarium_window_fake,
          aquarium_window_corner, aquarium_window_1, aquarium_view_2c,
          gup_sewer_entry_bowl, minmay_misc_feat_rows, uniq_ijyb

Skill      XL: |  1  2  3  4  5  6  7  8 |
---------------+-------------------------+-----
Axes           | 2 3 4 5 7 |  7.1
Fighting       | 4 5 |  5.9
Dodging        | 1 |  1.3
Throwing       | 2 |  2.2
Armour         | |  3.2
Shields        | |  3.2

Action                   |  1- 3 |  4- 6 |  7- 9 || total
-------------------------+-------+-------+-------++-------
Melee: War axe           |    68 |   147 |       ||   215
       Broad axe         |       |    14 |    48 ||    62
Throw: Boomerang         |    15 |    51 |     9 ||    75
  Use: Scroll            |     3 |     6 |     2 ||    11
       Potion            |       |     2 |     1 ||     3
Armor: Scale mail        |    20 |    78 |     1 ||    99
       Chain mail        |       |       |    40 ||    40
Dodge: Dodged            |    24 |    83 |    25 ||   132
Block: Buckler           |    15 |    25 |    12 ||    52

Table legend:
 A = Non-vault XP
 B = Vault XP
 C = Vault XP percentage of total XP
 D = Non-vault monster count
 E = Vault monster count
 F = Vault count percentage of total count
                 A         B        C        D         E       F
            +---------+---------+-------+---------+---------+-------
      Total |    1249 |     282 |  18.4 |      81 |      17 |  17.3
            +---------+---------+-------+---------+---------+-------
        D:1 |      40 |       0 |   0.0 |      23 |       0 |   0.0
        D:2 |      36 |      37 |  50.7 |      12 |       1 |   7.7
        D:3 |      54 |      36 |  40.0 |      21 |      11 |  34.4
        D:4 |     411 |     175 |  29.9 |      17 |       3 |  15.0
        D:5 |     708 |      34 |   4.6 |       8 |       2 |  20.0
            +---------+---------+-------+---------+---------+-------
